Get step-by-step instructions on how to execute this build order below. Start the game timer, and the build order will tick by so you can play in parallel with StarCraft on a second screen or mobile device.

Game Time

  0:00

Last Step

  N/A

Next Step

Upcoming Step



Don't want to look back and forth between 2 screens? Try out our Overwolf App, the Spawning Tool Build Advisor to get an in-game overlay with this build!

Complete Build Order

  12  0:00  SCV  
  13  0:12  SCV  
  14  0:17  Supply Depot  
  14  0:24  SCV  
  15  0:38  SCV  
  15  0:40  Barracks  
  16  0:42  Refinery  
  16  0:50  SCV  
  17  1:03  SCV  
  18  1:15  SCV  
  19  1:27  Orbital Command, Reaper  
  20  1:38  Command Center  
  20  1:47  Supply Depot  
  20  1:52  SCV  
  21  1:59  Marine  
  22  2:04  Factory  
  22  2:06  SCV  
  23  2:12  Bunker  
  23  2:17  Marine  
  23  2:18  SCV  
  25  2:25  Refinery  
  25  2:30  SCV  
  25  2:36  Barracks Reactor  
  26  2:42  SCV  
  27  2:46  Barracks  
  26  2:54  SCV  
  26  2:55  Orbital Command  
  27  2:59  Factory Tech Lab  
  27  3:06  SCV  
  28  3:13  Marine  
  28  3:14  Marine  
  28  3:17  Siege Tank  
  28  3:18  SCV  
  34  3:22  Supply Depot  
  34  3:23  SCV  
  35  3:30  SCV  
  35  3:32  Marine  
  35  3:33  Marine  
  35  3:34  Barracks Tech Lab  
  38  3:35  SCV  
  39  3:42  SCV  
  39  3:47  SCV  
  41  3:48  Supply Depot  
  41  3:49  Siege Tank  
  41  3:50  Marine x2  
  41  3:53  Marauder  
  41  3:55  Concussive Shells  
  48  4:00  SCV x2  
  50  4:08  Engineering Bay  
  50  4:09  Marine x2  
  52  4:13  SCV x2  
  52  4:15  Marauder  
  56  4:19  Supply Depot  
  56  4:25  SCV x2  
  56  4:28  Siege Tank  
  60  4:32  Marine x2  
  60  4:34  Supply Depot  
  62  4:40  Stimpack, SCV  
  62  4:41  Marauder  
  62  4:43  SCV  
  66  4:47  Supply Depot  
  66  4:50  Marine x2  
  68  4:53  SCV  
  68  5:02  Marauder, SCV  
  68  5:05  SCV  
  68  5:06  Supply Depot  
  71  5:08  Barracks  
  69  5:14  SCV  
  69  5:15  Marine x2, Refinery  
  69  5:16  Refinery  
  69  5:17  SCV  
  73  5:26  Siege Tank, SCV  
  75  5:29  SCV  
  75  5:30  Marauder  
  75  5:34  Supply Depot  
  78  5:38  SCV, Marine  
  78  5:42  SCV  
  76  5:53  Marauder, Marine  
  76  5:54  SCV x2  
  73  5:58  Starport  
  73  5:59  Marine  
  73  6:02  Barracks Tech Lab  
  73  6:15  Marauder  
  73  6:17  Command Center, Factory Reactor, SCV  
  76  6:24  Marine x2  
  76  6:25  SCV, Marauder  
  78  6:35  Starport Reactor  
  78  6:37  SCV